3AAA
SUNSET DISTRICT FOG @ CALGARY LYNX
09/15/2019
 
TOP OF THE 1ST
Sunset District Fog batting - Pitching for Calgary Lynx : RHP Willie Cameron
Pitching: RHP Willie Cameron
Batting: RHB Roberto Andrade 0-0: Called Strike
0-1: Ball
1-1: Ball
2-1: Ball
3-1: Called Strike
3-2: SINGLE (Line Drive, 4M)
Batting: RHB Steve McLeod 0-0: Ball
1-0: Swinging Strike
1-1: Ball
2-1: Foul Ball, location: 2F
2-2: Strikes out swinging
Batting: LHB David Hunt 0-0: Foul Ball, location: 2F
0-1: Ball
1-1: Swinging Strike
1-2: Ball
2-2: Ball
3-2: Strikes out swinging
Batting: RHB Gabriel Maldonado 0-0: Ball
1-0: Called Strike
Roberto Andrade steals 2nd base
1-1: Ball
2-1: Swinging Strike
2-2: Foul Ball, location: 2F
2-2: Strikes out swinging
Top of the 1st over - 0 run(s), 1 hit(s), 0 error(s), 1 left on base; Sunset District 0 - Calgary 0
BOTTOM OF THE 1ST
Calgary Lynx batting - Pitching for Sunset District Fog : RHP Cisco Romero
Pitching: RHP Cisco Romero
Batting: RHB Darren Tomlinson 0-0: Called Strike
0-1: Ball
1-1: Ball
2-1: Swinging Strike
2-2: Ground out 4-3 (Groundball, 4)
Batting: LHB Timmy Appeldoorn 0-0: Ball
1-0: Fly out, F9 (Flyball, 9M)
Batting: LHB Gilbert Davis 0-0: SINGLE (Flyball, 7S)
Batting: RHB Juan Sánchez 0-0: Ball
1-0: Ball
2-0: Foul Ball, location: 2F
2-1: SINGLE (Line Drive, 6MD)
Gilbert Davis to second
Batting: RHB David Nielsen 0-0: Called Strike
0-1: Ball
1-1: Called Strike
1-2: Foul Ball, location: 2F
1-2: Foul Ball, location: 2F
1-2: Ground out 1-3 (Groundball, 15)
Bottom of the 1st over - 0 run(s), 2 hit(s), 0 error(s), 2 left on base; Sunset District 0 - Calgary 0
TOP OF THE 2ND
Sunset District Fog batting - Pitching for Calgary Lynx : RHP Willie Cameron
Batting: SHB John Allen 0-0: Ball
1-0: Called Strike
1-1: Fly out, F7 (Flyball, 7M)
Batting: SHB Al Anderson 0-0: Ball
1-0: Ball
2-0: Ball
3-0: Called Strike
3-1: Fly out, F9 (Flyball, 9M)
Batting: SHB Brian Ray 0-0: Ball
1-0: Ball
2-0: SINGLE (Groundball, 13) (infield hit)
Batting: RHB Jim Lee 0-0: Called Strike
0-1: Ball
1-1: Ball
2-1: Ball
3-1: Foul Ball, location: 2F
3-2: Base on Balls
Brian Ray to second
Batting: RHB Rafael Durango 0-0: Called Strike
0-1: Foul Ball, location: 2F
0-2: Strikes out swinging
Top of the 2nd over - 0 run(s), 1 hit(s), 0 error(s), 2 left on base; Sunset District 0 - Calgary 0
BOTTOM OF THE 2ND
Calgary Lynx batting - Pitching for Sunset District Fog : RHP Cisco Romero
Batting: SHB Vasco Paradela 0-0: Ball
1-0: Foul Ball, location: 2F
1-1: Ball
2-1: Foul Ball, location: 2F
2-2: Foul Ball, location: 2F
2-2: Fly out, F7 (Flyball, 7LM)
Batting: SHB Tom Craft 0-0: Called Strike
0-1: Ball
1-1: Foul Ball, location: 2F
1-2: Ball
2-2: TRIPLE (Flyball, 9M)
Batting: RHB Jim Browning 0-0: Ball
1-0: Called Strike
1-1: Called Strike
1-2: Foul Ball, location: 2F
1-2: Ball
2-2: Foul Ball, location: 2F
2-2: Foul Ball, location: 2F
2-2: Ball
3-2: Foul Ball, location: 2F
3-2: Base on Balls
Batting: RHB Curt Pope 0-0: Swinging Strike
0-1: Ball
1-1: Foul Ball, location: 2F
1-2: 3-RUN HOME RUN (Flyball, 7LD), Distance : 346 ft
Batting: RHB Darren Tomlinson 0-0: SINGLE (Groundball, 6)
Batting: LHB Timmy Appeldoorn 0-0: Called Strike
0-1: Ball
1-1: Swinging Strike
1-2: Ball
2-2: Grounds into double play, 1-6-3 (Groundball, 15S)
Bottom of the 2nd over - 3 run(s), 3 hit(s), 0 error(s), 0 left on base; Sunset District 0 - Calgary 3
TOP OF THE 3RD
Sunset District Fog batting - Pitching for Calgary Lynx : RHP Willie Cameron
Batting: RHB Roberto Andrade 0-0: Ground out 5-3 (Groundball, 56)
Batting: RHB Steve McLeod 0-0: Ball
1-0: Ball
2-0: Foul Ball, location: 2F
2-1: Ball
3-1: Base on Balls
Batting: LHB David Hunt 0-0: Called Strike
0-1: Grounds into double play, 4-6-3 (Groundball, 34)
Top of the 3rd over - 0 run(s), 0 hit(s), 0 error(s), 0 left on base; Sunset District 0 - Calgary 3
BOTTOM OF THE 3RD
Calgary Lynx batting - Pitching for Sunset District Fog : RHP Cisco Romero
Batting: LHB Gilbert Davis 0-0: Ball
1-0: Ball
2-0: Swinging Strike
2-1: Called Strike
2-2: Foul Ball, location: 2F
2-2: Ball
3-2: Base on Balls
Batting: RHB Juan Sánchez 0-0: Ball
1-0: Foul Ball, location: 2F
1-1: Grounds into double play, 6-4-3 (Groundball, 6M)
Batting: RHB David Nielsen 0-0: Ball
1-0: SINGLE (Line Drive, 4MD)
Batting: SHB Vasco Paradela 0-0: Ball
1-0: Called Strike
1-1: Ball
2-1: Foul Ball, location: 2F
2-2: Strikes out looking
Bottom of the 3rd over - 0 run(s), 1 hit(s), 0 error(s), 1 left on base; Sunset District 0 - Calgary 3
TOP OF THE 4TH
Sunset District Fog batting - Pitching for Calgary Lynx : RHP Willie Cameron
Batting: RHB Gabriel Maldonado 0-0: Ball
1-0: Swinging Strike
1-1: Ball
2-1: Swinging Strike
2-2: Foul Ball, location: 2F
2-2: Ball
3-2: Foul Ball, location: 2F
3-2: Strikes out looking
Batting: SHB John Allen 0-0: Called Strike
0-1: Foul Ball, location: 2F
0-2: Ball
1-2: Foul Ball, location: 2F
1-2: Foul Ball, location: 2F
1-2: Foul Ball, location: 2F
1-2: Strikes out swinging
Batting: SHB Al Anderson 0-0: Ball
1-0: Called Strike
1-1: Called Strike
1-2: Ball
2-2: Ball
3-2: Base on Balls
Batting: SHB Brian Ray 0-0: Ball
Wild Pitch!
Al Anderson to second
1-0: Ball
2-0: Ball
3-0: Base on Balls
Batting: RHB Jim Lee 0-0: Swinging Strike
0-1: Swinging Strike
0-2: Ball
1-2: Strikes out swinging
Top of the 4th over - 0 run(s), 0 hit(s), 0 error(s), 2 left on base; Sunset District 0 - Calgary 3
BOTTOM OF THE 4TH
Calgary Lynx batting - Pitching for Sunset District Fog : RHP Cisco Romero
Batting: SHB Tom Craft 0-0: Foul Ball, location: 2F
0-1: SINGLE (Groundball, 6MD)
Batting: RHB Jim Browning 0-0: Ball
1-0: Ball
2-0: Fly out, F7 (Flyball, 7D)
Batting: RHB Curt Pope 0-0: Called Strike
0-1: Ball
1-1: Ball
2-1: DOUBLE (Line Drive, 5D)
Tom Craft to third
Batting: RHB Darren Tomlinson 0-0: Called Strike
0-1: Ball
1-1: Ball
2-1: Ball
3-1: TRIPLE (Line Drive, 9LS)
Tom Craft scores
Curt Pope scores
Pitching: RHP Steve Bryan
Batting: LHB Timmy Appeldoorn 0-0: DOUBLE (Line Drive, 9LM)
Darren Tomlinson scores
Batting: LHB Gilbert Davis 0-0: Swinging Strike
0-1: Swinging Strike
0-2: Ball
1-2: DOUBLE (Flyball, 89D)
Timmy Appeldoorn scores
Batting: RHB Juan Sánchez 0-0: Fly out, F3 (Popup, 13S)
Batting: RHB David Nielsen 0-0: Called Strike
0-1: Ball
1-1: Ball
2-1: Ball
3-1: Base on Balls
Batting: SHB Vasco Paradela 0-0: Ball
1-0: 3-RUN HOME RUN (Flyball, 9D), Distance : 370 ft
Batting: SHB Tom Craft 0-0: Ball
1-0: Called Strike
1-1: Swinging Strike
1-2: SINGLE (Groundball, 13S) (infield hit)
Pitching: RHP Rich Wright
Batting: RHB Jim Browning 0-0: Called Strike
0-1: Called Strike
0-2: DOUBLE (Line Drive, 9LS)
Tom Craft to third
Runner from 3rd tries for Home, SAFE, no throw or cutoff
Batting: RHB Curt Pope 0-0: Foul Ball, location: 2F
0-1: Ball
1-1: Called Strike
1-2: Ball
2-2: Foul Ball, location: 2F
2-2: Foul Ball, location: 2F
2-2: Strikes out swinging
Bottom of the 4th over - 8 run(s), 8 hit(s), 0 error(s), 1 left on base; Sunset District 0 - Calgary 11
TOP OF THE 5TH
Sunset District Fog batting - Pitching for Calgary Lynx : RHP Willie Cameron
Batting: RHB Rafael Durango 0-0: Ball
1-0: Ball
2-0: Swinging Strike
2-1: Ball
3-1: Foul Ball, location: 2F
3-2: Strikes out swinging
Batting: RHB Roberto Andrade 0-0: SINGLE (Groundball, 56D)
Batting: RHB Steve McLeod 0-0: Ball
1-0: Ball
2-0: Fly out, F8 (Line Drive, 8LM)
Batting: LHB David Hunt 0-0: Called Strike
Roberto Andrade steals 2nd base
0-1: Fly out, F9 (Flyball, 9S)
Top of the 5th over - 0 run(s), 1 hit(s), 0 error(s), 1 left on base; Sunset District 0 - Calgary 11
BOTTOM OF THE 5TH
Calgary Lynx batting - Pitching for Sunset District Fog : RHP Rich Wright
Batting: RHB Darren Tomlinson 0-0: Ball
1-0: Called Strike
1-1: Hit by Pitch
Batting: LHB Timmy Appeldoorn 0-0: Ball
1-0: Called Strike
1-1: Swinging Strike
1-2: Foul Ball, location: 2F
1-2: Ball
2-2: Foul Ball, location: 2F
2-2: SINGLE (Groundball, 4MD)
Darren Tomlinson to second
Runner from 2nd tries for 3rd, SAFE, no throw or cutoff
Batting: LHB Gilbert Davis 0-0: Swinging Strike
0-1: Ball
1-1: 3-RUN HOME RUN (Flyball, 8RXD), Distance : 436 ft
Pitching: LHP Francisco López
Batting: RHB Juan Sánchez 0-0: Ball
1-0: SINGLE (Line Drive, 4D)
Batting: RHB David Nielsen 0-0: Swinging Strike
0-1: Foul Ball, location: 2F
0-2: Foul Ball, location: 2F
0-2: Ball
1-2: Foul Ball, location: 2F
1-2: Ball
2-2: Fly out, F2 (Popup, 23F)
Batting: SHB Vasco Paradela 0-0: Ball
1-0: Ball
2-0: SINGLE (Line Drive, 34D)
Juan Sánchez to second
Batting: SHB Tom Craft 0-0: Called Strike
0-1: Foul Ball, location: 2F
0-2: Ball
1-2: Foul Ball, location: 2F
1-2: Ball
2-2: Ball
3-2: Foul Ball, location: 2F
3-2: Base on Balls
Juan Sánchez to third
Vasco Paradela to second
Batting: RHB Jim Browning 0-0: Ball
1-0: Swinging Strike
1-1: GRAND SLAM HOME RUN (Flyball, 7LD), Distance : 358 ft
Pitching: LHP Xavier Hernández
Batting: RHB Curt Pope 0-0: Foul Ball, location: 2F
0-1: Foul Ball, location: 2F
0-2: Ball
1-2: Ball
2-2: Foul Ball, location: 2F
2-2: Foul Ball, location: 2F
2-2: Strikes out swinging
Batting: RHB Darren Tomlinson 0-0: Foul Ball, location: 2F
0-1: Swinging Strike
0-2: Ground out 1-3 (Groundball, 15S)
Bottom of the 5th over - 7 run(s), 5 hit(s), 0 error(s), 0 left on base; Sunset District 0 - Calgary 18
TOP OF THE 6TH
Sunset District Fog batting - Pitching for Calgary Lynx : RHP Willie Cameron
Batting: RHB Gabriel Maldonado 0-0: Ball
1-0: Foul Ball, location: 2F
1-1: Ball
2-1: DOUBLE (Flyball, 8RXD)
Batting: SHB John Allen 0-0: Ball
1-0: Ball
2-0: Ball
3-0: Called Strike
3-1: SINGLE (Flyball, 4MD)
Gabriel Maldonado to third
Batting: SHB Al Anderson 0-0: Called Strike
0-1: Called Strike
0-2: Foul Ball, location: 2F
0-2: Strikes out swinging
Batting: SHB Brian Ray 0-0: Ball
1-0: Called Strike
1-1: Ball
2-1: Foul Ball, location: 2F
2-2: Foul Ball, location: 2F
2-2: Fly out, F3 (Popup, 3DF)
Batting: RHB Jim Lee 0-0: Ball
1-0: Swinging Strike
1-1: Fly out, F8 (Flyball, 8RD)
Top of the 6th over - 0 run(s), 2 hit(s), 0 error(s), 2 left on base; Sunset District 0 - Calgary 18
BOTTOM OF THE 6TH
Calgary Lynx batting - Pitching for Sunset District Fog : LHP Xavier Hernández
Batting: LHB Timmy Appeldoorn 0-0: Swinging Strike
0-1: Called Strike
0-2: Ball
1-2: Ball
2-2: Ball
3-2: Strikes out looking
Batting: LHB Gilbert Davis 0-0: Ball
1-0: Swinging Strike
1-1: Foul Ball, location: 2F
1-2: Foul Ball, location: 2F
1-2: Strikes out swinging
Batting: RHB Juan Sánchez 0-0: Called Strike
0-1: Called Strike
0-2: Ball
1-2: Foul Ball, location: 2F
1-2: Strikes out swinging
Bottom of the 6th over - 0 run(s), 0 hit(s), 0 error(s), 0 left on base; Sunset District 0 - Calgary 18
TOP OF THE 7TH
Sunset District Fog batting - Pitching for Calgary Lynx : RHP Willie Cameron
Batting: RHB Rafael Durango 0-0: Called Strike
0-1: Swinging Strike
0-2: Ball
1-2: Strikes out swinging
Batting: RHB Roberto Andrade 0-0: Ball
1-0: Ball
2-0: Called Strike
2-1: Foul Ball, location: 2F
2-2: Ball
3-2: Foul Ball, location: 2F
3-2: Base on Balls
Pitching: RHP Nick Taylor
Batting: RHB Steve McLeod 0-0: Ball
1-0: Ball
2-0: Called Strike
2-1: Fielders Choice at 2nd, 5-4 (Groundball, 56)
Batting: LHB David Hunt 0-0: Ball
1-0: Fly out, F8 (Flyball, 8LM)
Top of the 7th over - 0 run(s), 0 hit(s), 0 error(s), 1 left on base; Sunset District 0 - Calgary 18
BOTTOM OF THE 7TH
Calgary Lynx batting - Pitching for Sunset District Fog : LHP Xavier Hernández
Batting: RHB David Nielsen 0-0: Ball
1-0: Called Strike
1-1: Ball
2-1: Foul Ball, location: 2F
2-2: Foul Ball, location: 2F
2-2: SINGLE (Flyball, 8RS)
Batting: SHB Vasco Paradela 0-0: Foul Ball, location: 2F
0-1: Ball
1-1: Swinging Strike
1-2: Ball
2-2: Ball
3-2: Strikes out looking
Pitching: LHP Manuel Gonzáles
Batting: SHB Tom Craft 0-0: Ball
1-0: Swinging Strike
1-1: Ball
2-1: Ball
3-1: Base on Balls
David Nielsen to second
Batting: RHB Jim Browning 0-0: Ball
1-0: Fly out, F7 (Flyball, 7M)
Batting: RHB Curt Pope 0-0: Called Strike
0-1: Ball
1-1: Fly out, F9 (Popup, 9S)
Bottom of the 7th over - 0 run(s), 1 hit(s), 0 error(s), 2 left on base; Sunset District 0 - Calgary 18
TOP OF THE 8TH
Sunset District Fog batting - Pitching for Calgary Lynx : RHP Nick Taylor
Batting: RHB Gabriel Maldonado 0-0: Ball
1-0: Foul Ball, location: 2F
1-1: Foul Ball, location: 2F
1-2: Ground out 4-3 (Groundball, 4M)
Batting: SHB John Allen 0-0: Called Strike
0-1: Fly out, F5 (Popup, 5F)
Batting: SHB Al Anderson 0-0: Ball
1-0: Ball
2-0: SINGLE (Groundball, 4MD)
Batting: SHB Brian Ray 0-0: Called Strike
0-1: Ball
1-1: Foul Ball, location: 2F
1-2: Fielders Choice at 2nd, U6 (Groundball, 6MD)
Top of the 8th over - 0 run(s), 1 hit(s), 0 error(s), 1 left on base; Sunset District 0 - Calgary 18
BOTTOM OF THE 8TH
Calgary Lynx batting - Pitching for Sunset District Fog : LHP Manuel Gonzáles
Batting: RHB Darren Tomlinson 0-0: Ball
1-0: Ball
2-0: Ball
3-0: Base on Balls
Batting: LHB Timmy Appeldoorn 0-0: Ball
1-0: SINGLE (Groundball, 4M)
Darren Tomlinson to second
Runner from 2nd tries for 3rd, SAFE, no throw or cutoff
Batting: LHB Gilbert Davis 0-0: Ball
1-0: Foul Ball, location: 2F
1-1: Foul Ball, location: 2F
1-2: Ball
2-2: Grounds into double play, 3-6-3 (Groundball, 34)
Darren Tomlinson scores
Batting: RHB Juan Sánchez 0-0: Ball
1-0: Swinging Strike
1-1: Ball
2-1: Ball
3-1: Foul Ball, location: 2F
3-2: Fly out, F3 (Popup, 3L)
Bottom of the 8th over - 1 run(s), 1 hit(s), 0 error(s), 0 left on base; Sunset District 0 - Calgary 19
TOP OF THE 9TH
Sunset District Fog batting - Pitching for Calgary Lynx : RHP Nick Taylor
Batting: RHB Jim Lee 0-0: Called Strike
0-1: Ball
1-1: Ball
2-1: Foul Ball, location: 2F
2-2: Foul Ball, location: 2F
2-2: Strikes out swinging
Batting: RHB Rafael Durango 0-0: Called Strike
0-1: Ball
1-1: Ball
2-1: Called Strike
2-2: Foul Ball, location: 2F
2-2: Foul Ball, location: 2F
2-2: Foul Ball, location: 2F
2-2: Ground out 6-3 (Groundball, 6)
Batting: RHB Roberto Andrade 0-0: Fly out, F8 (Flyball, 8LS)
Top of the 9th over - 0 run(s), 0 hit(s), 0 error(s), 0 left on base; Sunset District 0 - Calgary 19
This league is powered by Out of the Park Baseball, the baseball management simulation game for PC, Mac and Linux
Saturday, July 25th, 2015 - OOTP Baseball 15.6 Build 34